 Dungeon Crawl Stone Soup version 0.29.1-13-g9f3cf754e1 (webtiles) character file.

Game seed: 8797441492548628724

40 Thatpatchoflichen the Slasher (level 3, -5/28 HPs)
             Began as a Human Gladiator on Feb 7, 2023.
             Slain by a gnoll
             ... wielding a +0 whip
              (6 damage)
             ... on level 1 of the Dungeon.
             The game lasted 00:02:11 (1520 turns).

Thatpatchoflichen the Slasher (Human Gladiator)     Turns: 1520, Time: 00:02:12

Health: -5/28      AC:  4    Str: 14    XL:     3   Next: 72%
Magic:  3/3        EV: 13    Int:  8    God:
Gold:   33         SH:  0    Dex: 16    Spells: 2/2 levels left

rFire   . . .      SeeInvis .   a - +0 long sword
rCold   . . .      Faith    .   (no shield)
rNeg    . . .      Spirit   .   b - +0 leather armour
rPois   .          Reflect  .   c - +0 helmet
rElec   .          Harm     .   (no cloak)
rCorr   .          Rampage  .   (no gloves)
Will    .....                   (no boots)
Stlth   +.........              (no amulet)
HPRegen 0.09/turn               (no ring)
MPRegen 0.08/turn               (no ring)

@: no status effects
A: no striking features
a: no special abilities


You were on level 1 of the Dungeon.
You visited 1 branch of the dungeon, and saw 2 of its levels.

You collected 33 gold pieces.

Inventory:

Hand Weapons
 a - a +0 long sword (weapon)
 f - a +0 short sword of speed
Missiles
 d - 3 throwing nets (quivered)
 e - a javelin
 h - 4 atropa-tipped darts
Armour
 b - a +0 leather armour (worn)
 c - a +0 helmet (worn)
Scrolls
 i - 3 scrolls of identify {unknown}
 m - a scroll of vulnerability {unknown}
 n - a scroll of enchant armour {unknown}
Potions
 g - a potion of haste {unknown}
 j - 2 potions of lignification {unknown}
 k - a potion of curing {unknown}
 l - a potion of attraction {unknown}


   Skills:
 + Level 2.7 Fighting
 + Level 3.5 Long Blades
 - Level 2.0 Throwing
 + Level 3.5 Dodging


You had 2 spell levels left.
You didn't know any spells.
Your spell library was empty.

Dungeon Overview and Level Annotations

Branches:
Dungeon (2/15)

Altars:

Shops:
D:1 *


Message History

Moving in this stuff is going to be slow.
You enter the shallow water.
Moving in this stuff is going to be slow.
Why would you want to do that?
You enter the shallow water.
Moving in this stuff is going to be slow.
You enter the shallow water.
Moving in this stuff is going to be slow.
There is a stone staircase leading down here.
You climb downwards.
The gnoll shouts!
You hear an angry hiss.
Found a stone staircase leading up.
There is a stone staircase leading up here.
You closely miss the gnoll.
The gnoll shouts!
The gnoll misses you.
You hit the gnoll.
The gnoll is heavily wounded.
The gnoll barely misses you.
You slash the gnoll!
You kill the gnoll!
The gnoll closely misses you.
You hit the gnoll but do no damage. The gnoll hits you with a +0 whip!
The gnoll barely misses you.
You barely miss the gnoll. The gnoll barely misses you. The gnoll misses you.
The gnoll hits you with a +0 whip.
The gnoll hits you from afar with a +0 spear.
The gnoll misses you. x2
You climb upwards.
There is a stone staircase leading down here.
You barely miss the gnoll. The gnoll hits you with a +0 whip.
* * * LOW HITPOINT WARNING * * *
You hit the gnoll.
The gnoll is lightly wounded.
The gnoll hits you with a +0 whip.
* * * LOW HITPOINT WARNING * * *
You hit the gnoll.
The gnoll is lightly wounded.
The gnoll hits you with a +0 whip.
You die...

#####....####..###..####.....##.#
#..........###..# ########.#
#...#####..#.)..# #.. #...#
#.........# ### #...# #.#.......#
# # ##...###.##.#...######### #
## #..............#........######
.###.#.#.......#...#.#####.#.....
#.##.#.#..#....g@.......##.#.####
##.#.#......##.#####.##......# #
#.##.#...........# #.#####.### #
.###.#.#..####.#.# #.#####.# #
...............#.# #.......# #
######.#########.# #######.# #
#.# #.# #.# #### ###.### #.#
#.###~.. #.....# #.# #.##..≈≈


You could see a gnoll.

Vanquished Creatures
  A gnoll (D:2)
  A dart slug (D:1)
  4 endoplasms (D:1)
  A goblin (D:1)
  A hobgoblin (D:1)
  6 jackals (D:1)
  3 kobolds (D:1)
  A quokka (D:1)
  5 ball pythons (D:1)
  2 bats (D:1)
  3 frilled lizards (D:1)
  A rat (D:1)
29 creatures vanquished.

Notes
Turn   | Place    | Note
-------+----------+-------------------------------------------
     0 | D:1      | Thatpatchoflichen the Human Gladiator began the quest for
                  | the Orb.
     0 | D:1      | Reached XP level 1. HP: 16/16 MP: 1/1
   168 | D:1      | Found a faded altar of an unknown god.
   184 | D:1      | Reached XP level 2. HP: 21/22 MP: 2/2
   783 | D:1      | Found Sefoh's General Store.
   910 | D:1      | Reached XP level 3. HP: 27/28 MP: 3/3
  1519 | D:1      | HP: 1/28 [gnoll/+0 whip (6)]
  1520 | D:1      | Slain by a gnoll

Illustrated notes

Levels and vault maps discovered:
D:1:      minmay_arrival_floating_metal, layout_loops_cross, serial_shops,
          nicolae_shop_hallway_stairs, hellmonk_ecumenical_altar_leap_of_faith
D:2:      layout_loops_ring

Action                   || total
-------------------------++-------
Melee: Long sword        ||    82
Armor: Leather armour    ||    32
Dodge: Dodged            ||    66
